 Dungeon Sprint DCSS version 0.19-a0-739-gf2af308 (webtiles) character file.

11015 Groucho the Peltast (level 12, -7/100 HPs)
             Began as a Formicid Fighter on June 22, 2016.
             Was the Champion of Makhleb.
             Mangled by a sun demon (12 damage)
             ... summoned by an orc high priest
             ... in the Dungeon (Sprint IX: "|||||||||||||||||||||||||||||").
             The game lasted 00:08:20 (1533 turns).

Groucho the Peltast (Formicid Fighter)              Turns: 1533, Time: 00:08:21

Health: -7/100     AC: 20    Str: 21    XL:     12   Next: 2%
Magic:  20/20      EV: 11    Int:  9    God:    Makhleb [******]
Gold:   661        SH: 15    Dex: 14    Spells: 0 memorised, 11 levels left

rFire  . . .     SeeInvis +     p - +3 halberd (venom)
rCold  . . .     Gourm    .     r - +0 plate armour
rNeg   . . .     Faith    .     c - +0 shield
rPois  .         Spirit   .     (helmet unavailable)
rElec  .         Dismiss  .     o - +0 cloak
rCorr  .         Reflect  .     q - +0 pair of gloves
SustAt .         Harm     .     (no boots)
MR     +....                    (no amulet)
Stlth  ..........               t - +2 ring of evasion
                                s - +2 ring of evasion

@: somewhat resistant to hostile enchantments, extremely unstealthy
A: permanent stasis, dig shafts and tunnels, four strong arms, antennae 3
a: Dig, Minor Destruction, Lesser Servant of Makhleb, Major Destruction, Greater
Servant of Makhleb, Renounce Religion


You were in the Dungeon.
You worshipped Makhleb.
Makhleb was exalted by your worship.
You were not hungry.

You visited 1 branch You collected 661 gold pieces.

Inventory:

Hand Weapons
 p - a +3 halberd of venom (weapon)
Armour
 c - a +0 shield (worn)
 o - a +0 cloak (worn)
 q - a +0 pair of gloves (worn)
 r - a +0 plate armour (worn)
Jewellery
 s - a +2 ring of evasion (left hand)
 t - a +2 ring of evasion (right hand)
Wands
 n - a wand of lightning (4/15)
Scrolls
 l - 3 scrolls of remove curse
 m - 2 scrolls of amnesia
 x - a scroll of fear
 y - 2 scrolls of fog
Potions
 d - a potion of invisibility
 e - 4 potions of curing
 i - 4 potions of magic
 u - 2 potions of agility
 v - a potion of cure mutation
Miscellaneous
 w - a phantom mirror
Comestibles
 h - 13 meat rations
 j - 40 fruits
 k - 12 bread rations


   Skills:
 * Level 11.4 Fighting
 * Level 14.2 Polearms
 * Level 15.4 Armour
 * Level 16.6 Shields
 - Level 11.4 Evocations


You had 11 spell levels left.
You didn't know any spells.

Dungeon Overview and Level Annotations

Branches:
Dungeon (1/1)

Altars:
Cheibriados
Dithmenos
Elyvilon
Fedhas
Gozag
Hepliaklqana
Kikubaaqudgha
Makhleb
Nemelex Xobeh
Okawaru
Pakellas
Qazlal
Ru
Sif Muna
Trog
Uskayaw
Vehumet
Xom
Yredelemnul
Zin
The Shining One
Beogh
Jiyva
Lugonu


Innate Abilities, Weirdness & Mutations

You are under a permanent stasis effect.
You can dig through walls and to a lower floor.
Your four strong arms can wield two-handed weapons with a shield.
You have a pair of large antennae on your head. (SInv)


Message History

The orc high priest calls upon Beogh to heal the orc knight.
The orc knight is healed somewhat.
Items here: )) [[ †† The sun demon closely misses you.
The orc knight roars a battlecry!
The orc knight roars a battlecry!
The orc high priest mumbles some strange prayers to Beogh.
You block the sun demon's attack.
Things that are here:
a dagger; a robe
Items here: ))))) [[ ††
Things that are here:
a dire flail; a plate armour
There is an open door to the Orcish Mines, spattered with blood here.
Things that are here:
a club; a ring mail You see here a hand axe.
The orc high priest calls upon Beogh to heal something.
The sun demon hits you!
You die...

_________'.....)....('(..<▓
▓▓▓▓▓▓▓▓▓▓▓▓▓▓▓▓▓▓▓▓▓▓▓▓▓▓▓
..........................▓
▓▓▓▓▓▓▓▓▓▓▓▓▓▓▓▓▓▓▓▓▓▓▓▓▓.▓
....÷?....(.!.....'.......▓
▓▓▓▓▓▓▓▓▓▓▓▓▓▓▓▓▓▓▓▓▓▓▓▓▓▓▓
..........................▓
▓▓▓▓▓▓▓▓▓▓▓▓▓▓▓▓▓▓▓▓▓▓▓▓▓.▓
.o3)..o..o))4).3@.........▓
▓▓▓▓▓▓▓▓▓▓▓▓▓▓▓▓▓▓▓▓▓▓▓▓▓▓▓
{ {


You could see an orc high priest, a sun demon and a hellwing.

Vanquished Creatures
  2 catoblepae (D)
  A tengu warrior (D)
  5 death yaks (D)
  An orc high priest (D)
  A hill giant (D)
  2 orc knights (D)
  An elephant (D)
  A spiny frog (D)
  A komodo dragon (D)
  A tengu conjurer (D)
  A blink frog (D)
  A yak (D)
  A wyvern (D)
  A hippogriff (D)
  Grum (D)
  2 water moccasins (D)
  A porcupine (D)
  4 orc warriors (D)
  A sky beast (D)
  An ice beast (D)
  2 ogres (D)
  3 wolves (D)
  A centaur (D)
  3 crocodiles (D)
  7 giant frogs (D)
  3 orc priests (D)
  3 orc wizards (D)
  A sheep (D)
  2 adders (D)
  A river rat (D)
  A shadow imp (D)
  A giant gecko (D)
  8 orcs (D)
  A hobgoblin (D)
  2 bats (D)
  A kobold (D)
  A rat (D)
71 creatures vanquished.

Notes
Turn   | Place    | Note
--------------------------------------------------------------
     0 | D        | Groucho the Formicid Fighter began the quest for the Orb.
     0 | D        | Reached XP level 1. HP: 18/18 MP: 1/1
    22 | D        | Reached skill level 4 in Shields
    64 | D        | Noticed an ice beast
    64 | D        | Noticed an ogre
    74 | D        | Killed an ogre
    74 | D        | Reached skill level 5 in Fighting
    74 | D        | Reached skill level 5 in Armour
    74 | D        | Reached skill level 6 in Shields
    74 | D        | Reached XP level 2. HP: 23/28 MP: 2/2
    74 | D        | Reached XP level 3. HP: 28/34 MP: 3/3
    74 | D        | Reached XP level 4. HP: 33/40 MP: 4/4
    79 | D        | Reached XP level 5. HP: 36/46 MP: 5/5
    82 | D        | Killed an ice beast
    82 | D        | Reached skill level 7 in Shields
    82 | D        | Reached XP level 6. HP: 42/53 MP: 6/6
   105 | D        | Found a glowing silver altar of Zin.
   105 | D        | Found a glowing golden altar of the Shining One.
   105 | D        | Found an ancient bone altar of Kikubaaqudgha.
   105 | D        | Found a basalt altar of Yredelemnul.
   105 | D        | Found a shimmering altar of Xom.
   105 | D        | Found a radiant altar of Vehumet.
   106 | D        | Found an iron altar of Okawaru.
   107 | D        | Found a burning altar of Makhleb.
   108 | D        | Found a deep blue altar of Sif Muna.
   109 | D        | Found a bloodstained altar of Trog.
   110 | D        | Found a sparkling altar of Nemelex Xobeh.
   111 | D        | Found a white marble altar of Elyvilon.
   112 | D        | Found a roughly hewn altar of Beogh.
   113 | D        | Found a viscous altar of Jiyva.
   114 | D        | Found a corrupted altar of Lugonu.
   115 | D        | Found a blossoming altar of Fedhas.
   116 | D        | Found a snail-covered altar of Cheibriados.
   117 | D        | Found a shadowy altar of Dithmenos.
   118 | D        | Found a stormy altar of Qazlal.
   119 | D        | Found an opulent altar of Gozag.
   120 | D        | Found a sacrificial altar of Ru.
   121 | D        | Found an oddly glowing altar of Pakellas.
   122 | D        | Found a hide-covered altar of Uskayaw.
   123 | D        | Found a hazy altar of Hepliaklqana.
   149 | D        | Became a worshipper of Makhleb the Destroyer
   215 | D        | Noticed an ogre
   215 | D        | Noticed a komodo dragon
   215 | D        | Noticed a hill giant
   225 | D        | Killed a hill giant
   225 | D        | Reached skill level 10 in Shields
   225 | D        | Reached XP level 7. HP: 44/64 MP: 7/7
   227 | D        | Reached * piety under Makhleb
   227 | D        | Reached XP level 8. HP: 49/71 MP: 8/8
   235 | D        | Killed a komodo dragon
   235 | D        | Reached ** piety under Makhleb
   235 | D        | Reached skill level 10 in Fighting
   235 | D        | Reached skill level 10 in Armour
   235 | D        | Reached skill level 11 in Shields
   243 | D        | Upgraded the game from 0.19-a0-733-geeb8733 to 0.19-a0-739-gf2af308
   334 | D        | Noticed a tengu warrior
   334 | D        | Noticed a wyvern
   334 | D        | Noticed a tengu conjurer
   340 | D        | Killed a tengu conjurer
   340 | D        | Reached *** piety under Makhleb
   340 | D        | Reached XP level 9. HP: 79/79 MP: 8/10
   348 | D        | Reached skill level 10 in Polearms
   351 | D        | Reached **** piety under Makhleb
   351 | D        | Reached skill level 12 in Shields
   358 | D        | Killed a tengu warrior
   358 | D        | Reached skill level 5 in Evocations
   611 | D        | Noticed a spiny frog
   619 | D        | Noticed a blink frog
   628 | D        | Killed a spiny frog
   628 | D        | Reached skill level 13 in Shields
   631 | D        | Reached ***** piety under Makhleb
   631 | D        | Reached XP level 10. HP: 57/86 MP: 13/15
   860 | D        | Noticed an elephant
   872 | D        | Reached ****** piety under Makhleb
   882 | D        | Killed an elephant
   882 | D        | Reached skill level 14 in Shields
   972 | D        | Noticed a death yak
   972 | D        | Noticed a death yak
   972 | D        | Noticed a death yak
   972 | D        | Noticed a catoblepas
   972 | D        | Noticed a catoblepas
   972 | D        | Noticed a death yak
   977 | D        | Killed a catoblepas
   977 | D        | Killed a death yak
   977 | D        | Reached XP level 11. HP: 92/92 MP: 16/18
   980 | D        | Noticed a death yak
   982 | D        | Killed a catoblepas
   982 | D        | Reached skill level 15 in Shields
   982 | D        | Reached skill level 10 in Evocations
   987 | D        | Killed a death yak
   989 | D        | Killed a death yak
   993 | D        | Killed a death yak
  1002 | D        | Killed a death yak
  1006 | D        | Reached skill level 16 in Shields
  1184 | D        | Noticed Grum
  1191 | D        | Killed Grum
  1481 | D        | Noticed an orc knight
  1481 | D        | Noticed an orc high priest
  1481 | D        | Noticed an orc knight
  1481 | D        | Noticed an orc high priest
  1484 | D        | Reached skill level 15 in Armour
  1486 | D        | Killed an orc high priest
  1489 | D        | Noticed an orc knight
  1495 | D        | Killed an orc knight
  1500 | D        | Noticed a sun demon
  1508 | D        | Noticed a sun demon
  1516 | D        | Killed an orc knight
  1516 | D        | Reached XP level 12. HP: 13/100 MP: 20/20
  1516 | D        | HP: 1/100 [sun demon[an orc high priest] (10)]
  1533 | D        | Mangled by a sun demon

Vault maps used:
D:        linesprint

Skill      XL: |  1  2  3  4  5  6  7  8  9 10 11 |
---------------+----------------------------------+-----
Shields        | 6 7 10 11 13 14 16 | 16.6
Fighting       | 5 6 9 10 11 | 11.4
Polearms       | 4 6 8 9 11 12 14 | 14.2
Armour         | 5 7 9 10 12 13 15 | 15.4
Evocations     | 2 6 9 11 | 11.4

Action                   |  1- 3 |  4- 6 |  7- 9 | 10-12 || total
-------------------------+-------+-------+-------+-------++-------
Melee: Trident           |    28 |    23 |       |       ||    51
       Halberd           |       |    10 |    57 |   151 ||   218
Evoke: Wand              |       |       |     1 |    11 ||    12
  Use: Potion            |     1 |     1 |       |     4 ||     6
       Scroll            |       |       |       |     2 ||     2
 Stab: Petrified         |       |       |       |     1 ||     1
  Eat: Bread ration      |       |       |       |     1 ||     1
Armor: Scale mail        |     5 |     9 |       |       ||    14
       Plate armour      |       |     1 |    20 |    37 ||    58
Dodge: Dodged            |     8 |     9 |    12 |    28 ||    57
Block: Shield            |    16 |    12 |    28 |    65 ||   121
